 Dungeon Crawl Stone Soup version 0.27.0-1-g7a089689b8 (webtiles) character file.

Game seed: 7311110392372035143

2 SkeletonJelly the Ducker (level 1, -2/11 HPs)
             Began as a Spriggan Abyssal Knight on Aug 12, 2021.
             Was an Initiate of Lugonu.
             Slain by an endoplasm (3 damage)
             ... on level 1 of the Dungeon.
             The game lasted 00:01:01 (193 turns).

SkeletonJelly the Ducker (Spriggan Abyssal Knight)   Turns: 193, Time: 00:01:02

Health: -2/11      AC:  9    Str:  8    XL:     1   Next: 25%
Magic:  2/2        EV: 17    Int: 13    God:    Lugonu [......]
Gold:   0          SH:  0    Dex: 14    Spells: 0/0 levels left

rFire    . . .     SeeInvis +   c - +2 morningstar (protect)
rCold    . . .     Faith    .   (shield restricted)
rNeg     . . .     Spirit   .   b - +0 robe
rPois    .         Reflect  .   (helmet restricted)
rElec    .         Harm     .   (no cloak)
rCorr    .         Rampage  .   (gloves unavailable)
Will     .....                  (boots unavailable)
Stlth    +.........             (no amulet)
HPRegen  0.03/turn              (no ring)
MPRegen  0.08/turn              (no ring)

@: under a protective aura, very quick
A: very small, no large weapons, unfitting armour, see invisible, speed 3, [low
mp 2], [screaming 2]
a: Renounce Religion


You were on level 1 of the Dungeon.
You worshipped Lugonu.
Lugonu was noncommittal.
You visited 1 branch of the dungeon, and saw 1 of its levels.
You visited the Abyss 1 time.

Inventory:

Hand Weapons
 a - a +1 short sword
 c - a +2 morningstar of protection (weapon)
Armour
 b - a +0 robe (worn)
Potions
 d - a potion of heal wounds {unknown}


   Skills:
 - Level 2.4 Fighting
 - Level 2.1 Short Blades
 + Level 0.3 Maces & Flails
 - Level 3.2 Dodging
 - Level 1.7 Invocations


You couldn't memorise any spells.
You didn't know any spells.
Your spell library was empty.

Dungeon Overview and Level Annotations

Branches:
Dungeon (1/15)

Altars:


Innate Abilities, Weirdness & Mutations

You are very small and have problems with some larger weapons.
You are too small for most types of armour.
You have supernaturally acute eyesight. (SInv)
You cover ground extremely quickly. (Speed+++)
[Your magical capacity is very low. (-20% MP)]
[You frequently scream uncontrollably at your foes.]


Message History

Found a corrupted altar of Lugonu.
Found a gateway leading deeper into the Abyss.
What are your orders? t - Shout!
Orders for allies: a - Attack new target. r - Retreat! s - Stop attacking. g - Guard the area. f - Follow me.
Anything else - Cancel.
Okay, then.
Unknown command.
Press < or > to pray at altars.
Found a gateway leading out of the Abyss.
There is a gateway leading deeper into the Abyss here.
You plunge deeper into the Abyss.
Found a glowing morningstar and a great sword.
Found 37 gold pieces.
Found 9 gold pieces.
You enter the shallow water.
Moving in this stuff is going to be slow.
Why would you want to do that? Why would you want to do that?
Found a fizzy golden potion.
You see here a +2 morningstar of protection.
c - a +2 morningstar of protection The wretched star pulses with an eldritch light!
You feel the urge to shout.
You feel a strong urge to scream.
The wretched star pulses with an eldritch light!
You feel less energetic. x2
Found 14 stones.
Found 24 gold pieces.
Found 42 gold pieces.
A neqoxec comes into view.
The neqoxec shouts!
A small abomination comes into view.
A thrashing horror comes into view.
The thrashing horror roars!
You hear a roar!
A thrashing horror comes into view.
You pass through the gate.
You can no longer depart the Abyss at will.
There is a staircase leading out of the dungeon here.
Your +2 morningstar of protection hums with potential!
c - a +2 morningstar of protection (weapon)
Unknown command.
Magic restored.
You scream at the hobgoblin!
A hobgoblin comes into view.
The hobgoblin shouts!
A hobgoblin is nearby!
A hobgoblin is nearby!
A hobgoblin is nearby!
A hobgoblin is nearby!
A hobgoblin is nearby!
The hobgoblin completely misses you.
You hit the hobgoblin.
Your weapon exudes an aura of protection.
You kill the hobgoblin!
Lugonu accepts your kill.
No target in view!
No target in view!
No target in view!
No target in view!
No target in view!
Key pressed, stopping explore.
Key pressed, stopping explore.
d - a golden potion A kobold comes into view.
It is wielding a +0 dagger.
You scream at the kobold!
The kobold shouts!
You hear an angry hiss.
A kobold is nearby!
A ball python and an endoplasm come into view.
The ball python hisses angrily.
The kobold hits you with a +0 dagger.
Found a ring mail.
You closely miss the kobold. The kobold hits you with a +0 dagger.
You are too injured to fight recklessly!
You are too injured to fight recklessly!
You are too injured to fight recklessly!
You are too injured to fight recklessly!
You are too injured to fight recklessly!
You are too injured to fight recklessly!
You are too injured to fight recklessly!
You are too injured to fight recklessly!
The kobold hits you but does no damage.
You closely miss the kobold. The kobold hits you with a +0 dagger.
You miss the kobold. The kobold hits you with a +0 dagger.
* * * LOW HITPOINT WARNING * * *
The kobold hits you but does no damage.
You hit the kobold.
Your weapon exudes an aura of protection.
You kill the kobold!
Lugonu accepts your kill. The ball python misses you.
The ball python barely misses you.
You barely miss the ball python. The ball python barely misses you. x2
The ball python completely misses you. x2
You puncture the ball python!
Your weapon exudes an aura of protection.
You kill the ball python!
Lugonu accepts your kill. The endoplasm hits you.
You die...

### ### ###
######.###.###.##
#...#.#.#.#.#.#.#
#...#.#.#.#.#.#.#
##.##.###.###.###.
#..#### ### ### ##
#.## #@# #J#
#...S.# .........
......J...
#..........
#..........
#..........
#..........


You could see an endoplasm.

Vanquished Creatures
  A hobgoblin (D:1)
  A ball python (D:1)
  A kobold (D:1)
3 creatures vanquished.

Vanquished Creatures (others)
  A bat (D:1)
1 creature vanquished.

Grand Total: 4 creatures vanquished

Notes
Turn   | Place    | Note
-------+----------+-------------------------------------------
     0 | Abyss:1  | SkeletonJelly the Spriggan Abyssal Knight began the quest
                  | for the Orb.
     0 | Abyss:1  | Reached XP level 1. HP: 11/11 MP: 3/3
    20 | Abyss:2  | Noticed a wretched star
    47 | Abyss:2  | Noticed a tentacled starspawn
    67 | Abyss:2  | Noticed a neqoxec
    81 | Abyss:2  | Noticed a small abomination
    85 | Abyss:2  | Noticed a thrashing horror
    86 | Abyss:2  | Noticed a thrashing horror
    92 | D:1      | Escaped the Abyss
   193 | D:1      | Slain by an endoplasm

Illustrated notes

Levels and vault maps discovered:
D:1:      lightli_arrival_chessboard, layout_rooms, roderic_lattice_a,
          grunt_decor_resistance, lemuel_flame_loot_1

Action                   || total
-------------------------++-------
Melee: Morningstar       ||     7
Invok: Depart the Abyss  ||     1
Armor: Robe              ||     2
Dodge: Dodged            ||     7
